Map: [ESL] Oceanborn

Players

Coffee

  • Race: Terran Terran
  • Spawn Location: 11:00

Firefly - Winner!

  • Race: Protoss Protoss
  • Spawn Location: 5:00

Event: ESL SC2 Masters 2023 Winter (Regional)

VOD

Have the link to the VOD?

Description

Time

  • Played on: Nov. 18, 2023, 6:49 a.m.
  • Length: 5:35

All games in this series

Show
View Real Time Build Order
Export as new Build Order

Coffee Terran 

Build Orders: Cyclone Opening, Reaper Expand 

Get SALT Encoding   

  12  0:00  SCV  
  13  0:12  SCV  
  14  0:17  Supply Depot  
  14  0:24  SCV  
  15  0:38  SCV  
  15  0:40  Barracks  
  16  0:43  Refinery  
  16  0:50  SCV  
  17  1:02  SCV  
  18  1:14  SCV  
  19  1:27  Orbital Command, Reaper  
  20  1:45  Command Center  
  20  1:52  Supply Depot  
  20  1:55  SCV  
  21  2:05  Marine  
  21  2:07  SCV  
  23  2:10  Factory  
  23  2:17  Bunker  
  23  2:19  SCV  
  24  2:23  Marine  
  24  2:27  Refinery  
  25  2:31  SCV  
  26  2:43  SCV  
  27  2:45  Marine  
  27  2:54  Cyclone  
  27  2:56  Starport  
  27  2:57  SCV  
  30  3:03  Marine  
  30  3:09  SCV  
  30  3:13  Orbital Command  
  29  3:26  Cyclone  
  30  3:35  Marine  
  30  3:40  SCV x2  
  32  3:50  Medivac  
  32  3:52  SCV  
  36  3:57  Orbital Command  
  36  4:02  Barracks Reactor  
  35  4:04  SCV  
  36  4:10  Widow Mine  
  36  4:16  SCV  
  39  4:29  SCV x2  
  38  4:33  Factory Tech Lab  
  38  4:37  Barracks x2  
  35  4:39  Marine x2  
  35  4:41  SCV x2  
  31  4:56  Siege Tank  
  31  4:57  Marine x2  
  30  5:09  SCV  
  25  5:15  Marine x2  
  25  5:21  SCV  
Show
View Real Time Build Order
Export as new Build Order

Firefly Protoss - Winner!

Build Orders:  

Get SALT Encoding   

  12  0:00  Probe  
  13  0:12  Probe  
  14  0:18  Pylon  
  14  0:24  Probe  
  15  0:30  Pylon  
  15  0:36  Probe  
  16  0:48  Gateway  
  16  0:49  Probe  
  17  0:57  Assimilator  
  17  1:02  Probe  
  18  1:14  Probe  
  19  1:26  Probe  
  20  1:34  Zealot (Chrono Boost)  
  20  1:39  Cybernetics Core  
  23  1:50  Nexus  
  23  1:54  Probe  
  23  2:01  Assimilator  
  23  2:06  Probe  
  24  2:12  Stalker (Chrono Boost)  
  26  2:19  Shield Battery  
  26  2:20  Warp Gate (Chrono Boost)  
  26  2:21  Probe  
  27  2:42  Stalker (Chrono Boost)  
  27  2:50  Probe  
  27  2:59  Stalker (Chrono Boost)  
  27  3:04  Gateway  
  29  3:16  Gateway  
  29  3:31  Stalker  
  27  3:39  Probe x2  
  29  3:51  Probe x2  
  31  4:02  Robotics Facility, Stalker  
  33  4:10  Stalker  
  33  4:11  Stalker  
  35  4:26  Probe  
  35  4:30  Pylon  
  36  4:33  Stalker  
  38  4:44  Stalker x2  
  42  4:55  Probe x2  
  42  5:03  Stalker  
  42  5:08  Stalker  
  42  5:12  Stalker  
  46  5:17  Probe  
Tags
 
Add a new tag
Caveats
  • Supply blocks, unpowered buildings, or Contaminate may cause inaccurate times.
  • Supply counts are checked every 10 seconds.